TOP OF THE 1ST |
Los Angeles (NYP) Dodgers batting - Pitching for Eugene Emeralds : RHP Steve Vint
|
Pitching: RHP Steve Vint
|
|
Batting: RHB Theo Schepers
|
0-0: Foul Ball, location: 2F 0-1: Ball 1-1: Ground out U3 (Groundball, 3, EV 100.6 MPH)
|
Batting: SHB Guy Jerome
|
0-0: Ball 1-0: Ball 2-0: Called Strike 2-1: Swinging Strike 2-2: Ball 3-2: Base on Balls
|
Batting: RHB Javier Solis
|
0-0: Ball Guy Jerome is caught stealing 2nd base 2-4 1-0: Ball 2-0: Called Strike 2-1: Ball 3-1: Base on Balls
|
Batting: RHB Manny Mendoza
|
0-0: Ground out 4-3 (Groundball, 4S, EV 88.8 MPH)
|
Top of the 1st over - 0 runs, 0 hits, 0 errors, 1 left on base; Los Angeles (NYP) 0 - Eugene 0 |
BOTTOM OF THE 1ST |
Eugene Emeralds batting - Pitching for Los Angeles (NYP) Dodgers : RHP Dan Marino IV
|
Pitching: RHP Dan Marino IV
|
|
Batting: RHB Hugo Torrez
|
0-0: Called Strike 0-1: Ground out 5-3 (Groundball, 56S, EV 83.8 MPH)
|
Batting: RHB Bill Holmes
|
0-0: Ball 1-0: Called Strike 1-1: Ball 2-1: Ball 3-1: Foul Ball, location: 2F 3-2: SINGLE (Groundball, 34D, EV 104.4 MPH)
|
Batting: RHB Roy Battist
|
0-0: Ball 1-0: Ball 2-0: Called Strike 2-1: Ball 3-1: Base on Balls Bill Holmes to second
|
Batting: RHB Taylor Garofalo
|
0-0: Called Strike 0-1: Foul Ball, location: 2F 0-2: Foul Ball, location: 2F 0-2: Ball 1-2: Ball 2-2: Strikes out swinging
|
Batting: RHB Mike Larson
|
0-0: Called Strike 0-1: Swinging Strike 0-2: Strikes out looking
|
Bottom of the 1st over - 0 runs, 1 hit, 0 errors, 2 left on base; Los Angeles (NYP) 0 - Eugene 0 |
TOP OF THE 2ND |
Los Angeles (NYP) Dodgers batting - Pitching for Eugene Emeralds : RHP Steve Vint
|
Batting: RHB Robby Cuellar
|
0-0: Ball 1-0: Ball 2-0: Ball 3-0: Called Strike 3-1: Base on Balls
|
Batting: LHB Fernão Manta
|
0-0: Ball 1-0: Swinging Strike 1-1: Foul Ball, location: 2F 1-2: SINGLE (Groundball, 4MD, EV 96.9 MPH) Robby Cuellar to second
|
Batting: RHB Alex Mejia
|
0-0: Foul Ball, location: 2F 0-1: Ball 1-1: Swinging Strike 1-2: TRIPLE (Line Drive, 89XD, EV 109.4 MPH) Robby Cuellar scores Fernão Manta scores
|
Batting: RHB Juan Gallegos
|
0-0: Swinging Strike 0-1: Foul Ball, location: 2F 0-2: Strikes out looking
|
Batting: RHB Kekoa Kahele
|
0-0: Ball 1-0: Foul Ball, location: 2F 1-1: Swinging Strike 1-2: Ball 2-2: Fly out, F8 (Line Drive, 8RS, EV 113.1 MPH)
|
Batting: RHB Theo Schepers
|
0-0: Ball 1-0: SINGLE (Groundball, 56D, EV 104.4 MPH) Alex Mejia scores
|
Batting: SHB Guy Jerome
|
0-0: Called Strike 0-1: Ball 1-1: Swinging Strike 1-2: Ball 2-2: Ball 3-2: Strikes out swinging
|
Top of the 2nd over - 3 runs, 3 hits, 0 errors, 1 left on base; Los Angeles (NYP) 3 - Eugene 0 |
BOTTOM OF THE 2ND |
Eugene Emeralds batting - Pitching for Los Angeles (NYP) Dodgers : RHP Dan Marino IV
|
Batting: RHB Ryan Bush
|
0-0: Called Strike 0-1: Called Strike 0-2: Ball 1-2: Hit by Pitch
|
Batting: RHB Josh Burns
|
0-0: Ball 1-0: Called Strike 1-1: Reached on error, E6 (Groundball, 6S, EV 78.8 MPH) Ryan Bush to second
|
Batting: LHB Hiroki Yamamoto
|
0-0: Ball 1-0: DOUBLE (Line Drive, 9LM, EV 101.9 MPH) Ryan Bush scores Josh Burns to third
|
Batting: RHB Alvaro Romero
|
0-0: Ground out 4-3 (Groundball, 4, EV 81.2 MPH) Josh Burns scores Hiroki Yamamoto to third
|
Batting: RHB Hugo Torrez
|
0-0: Called Strike 0-1: Called Strike 0-2: Ball Wild Pitch! Hiroki Yamamoto scores 1-2: Ball 2-2: Ball 3-2: Base on Balls
|
Batting: RHB Bill Holmes
|
0-0: Ball Hugo Torrez is caught stealing 2nd base 2-4 1-0: SINGLE (Groundball, 4MD, EV 108.1 MPH)
|
Batting: RHB Roy Battist
|
0-0: Swinging Strike 0-1: Called Strike 0-2: Strikes out swinging
|
Bottom of the 2nd over - 3 runs, 2 hits, 1 error, 1 left on base; Los Angeles (NYP) 3 - Eugene 3 |
TOP OF THE 3RD |
Los Angeles (NYP) Dodgers batting - Pitching for Eugene Emeralds : RHP Steve Vint
|
Batting: RHB Javier Solis
|
0-0: Ball 1-0: Called Strike 1-1: Ball 2-1: Ball 3-1: Base on Balls
|
Batting: RHB Manny Mendoza
|
0-0: Ball 1-0: Ball 2-0: Ball 3-0: Fielders Choice at 2nd, 3-6 (Groundball, 34, EV 105.0 MPH)
|
Batting: RHB Robby Cuellar
|
0-0: Called Strike 0-1: Ball 1-1: Ball 2-1: SINGLE (Line Drive, 78S, EV 96.9 MPH) Manny Mendoza to second
|
Batting: LHB Fernão Manta
|
0-0: Ball 1-0: SINGLE (Groundball, 25, EV 73.1 MPH) (infield hit) Manny Mendoza to third Robby Cuellar to second
|
Batting: RHB Alex Mejia
|
0-0: Ball 1-0: Foul Ball, location: 2F 1-1: Swinging Strike 1-2: Foul Ball, location: 2F 1-2: Strikes out swinging
|
Batting: RHB Juan Gallegos
|
0-0: Ball 1-0: GRAND SLAM HOME RUN (Flyball, 9LD, EV 90.6 MPH), Distance : 341 ft
|
Pitching: RHP Masato Iwase
|
|
Batting: RHB Kekoa Kahele
|
0-0: Ground out 6-3 (Groundball, 6, EV 88.8 MPH)
|
Top of the 3rd over - 4 runs, 3 hits, 0 errors, 0 left on base; Los Angeles (NYP) 7 - Eugene 3 |
BOTTOM OF THE 3RD |
Eugene Emeralds batting - Pitching for Los Angeles (NYP) Dodgers : RHP Dan Marino IV
|
Batting: RHB Taylor Garofalo
|
0-0: Ball 1-0: Ball 2-0: Swinging Strike 2-1: Fly out, F5 (Popup, 25F, EV 81.9 MPH)
|
Batting: RHB Mike Larson
|
0-0: Foul Ball, location: 2F 0-1: Ball 1-1: Fly out, F7 (Flyball, 7, EV 95.6 MPH)
|
Batting: RHB Ryan Bush
|
0-0: Ball 1-0: SINGLE (Line Drive, 4MD, EV 93.8 MPH)
|
Batting: RHB Josh Burns
|
0-0: Ball 1-0: Foul Ball, location: 2F 1-1: Foul Ball, location: 2F 1-2: Strikes out looking
|
Bottom of the 3rd over - 0 runs, 1 hit, 0 errors, 1 left on base; Los Angeles (NYP) 7 - Eugene 3 |
TOP OF THE 4TH |
Los Angeles (NYP) Dodgers batting - Pitching for Eugene Emeralds : RHP Masato Iwase
|
Batting: RHB Theo Schepers
|
0-0: Called Strike 0-1: Foul Ball, location: 2F 0-2: Fly out, F8 (Flyball, 8LD, EV 101.2 MPH)
|
Batting: SHB Guy Jerome
|
0-0: Called Strike 0-1: Foul Ball, location: 2F 0-2: Ball 1-2: Strikes out swinging
|
Batting: RHB Javier Solis
|
0-0: Fly out, F7 (Line Drive, 78S, EV 91.9 MPH)
|
Top of the 4th over - 0 runs, 0 hits, 0 errors, 0 left on base; Los Angeles (NYP) 7 - Eugene 3 |
BOTTOM OF THE 4TH |
Eugene Emeralds batting - Pitching for Los Angeles (NYP) Dodgers : RHP Dan Marino IV
|
Batting: LHB Hiroki Yamamoto
|
0-0: Called Strike 0-1: Foul Ball, location: 2F 0-2: Foul Ball, location: 2F 0-2: Strikes out swinging
|
Batting: RHB Alvaro Romero
|
0-0: Ball 1-0: Ball 2-0: Called Strike 2-1: Ball 3-1: Foul Ball, location: 2F 3-2: Foul Ball, location: 2F 3-2: Strikes out looking
|
Batting: RHB Hugo Torrez
|
0-0: Called Strike 0-1: Ball 1-1: Hit by Pitch
|
Batting: RHB Bill Holmes
|
0-0: Ball 1-0: Called Strike 1-1: Ball 2-1: Foul Ball, location: 2F 2-2: Ball 3-2: Strikes out swinging
|
Bottom of the 4th over - 0 runs, 0 hits, 0 errors, 1 left on base; Los Angeles (NYP) 7 - Eugene 3 |
TOP OF THE 5TH |
Los Angeles (NYP) Dodgers batting - Pitching for Eugene Emeralds : RHP Masato Iwase
|
Batting: RHB Manny Mendoza
|
0-0: Ball 1-0: Ball 2-0: Ball 3-0: Base on Balls
|
Batting: RHB Robby Cuellar
|
0-0: SINGLE (Flyball, 8RM, EV 77.5 MPH) Manny Mendoza to second
|
Batting: LHB Fernão Manta
|
0-0: TRIPLE (Flyball, 89XD, EV 108.8 MPH) Manny Mendoza scores Robby Cuellar scores
|
Batting: RHB Alex Mejia
|
0-0: Called Strike 0-1: SINGLE (Line Drive, 9LS, EV 100.6 MPH) Fernão Manta scores
|
Batting: RHB Juan Gallegos
|
0-0: Called Strike Alex Mejia is caught stealing 2nd base 2-4 0-1: Swinging Strike 0-2: Ball 1-2: Ball 2-2: Ball 3-2: Foul Ball, location: 2F 3-2: Foul Ball, location: 2F 3-2: Base on Balls
|
Batting: RHB Kekoa Kahele
|
0-0: Ball 1-0: TRIPLE (Flyball, 89XD, EV 103.8 MPH) Juan Gallegos scores
|
Batting: RHB Theo Schepers
|
0-0: Foul Ball, location: 2F 0-1: Ball 1-1: Foul Ball, location: 2F 1-2: Foul Ball, location: 2F 1-2: Ball 2-2: Foul Ball, location: 2F 2-2: Foul Ball, location: 2F 2-2: Ground out 5-3 (Groundball, 15, EV 86.2 MPH) Kekoa Kahele scores
|
Batting: SHB Guy Jerome
|
0-0: Ball 1-0: Ball 2-0: Swinging Strike 2-1: Foul Ball, location: 2F 2-2: Foul Ball, location: 2F 2-2: Ball 3-2: Foul Ball, location: 2F 3-2: Base on Balls
|
Batting: RHB Javier Solis
|
0-0: Ball 1-0: Foul Ball, location: 2F 1-1: Fly out, F7 (Flyball, 7D, EV 108.8 MPH)
|
Top of the 5th over - 5 runs, 4 hits, 0 errors, 1 left on base; Los Angeles (NYP) 12 - Eugene 3 |
BOTTOM OF THE 5TH |
Eugene Emeralds batting - Pitching for Los Angeles (NYP) Dodgers : RHP Dan Marino IV
|
Batting: RHB Roy Battist
|
0-0: Swinging Strike 0-1: Ball 1-1: Ball 2-1: Swinging Strike 2-2: Foul Ball, location: 2F 2-2: Foul Ball, location: 2F 2-2: Foul Ball, location: 2F 2-2: SOLO HOME RUN (Flyball, 9D, EV 94.4 MPH), Distance : 375 ft
|
Batting: RHB Taylor Garofalo
|
0-0: Called Strike 0-1: Swinging Strike 0-2: Strikes out looking
|
Batting: RHB Mike Larson
|
0-0: Ball 1-0: Foul Ball, location: 2F 1-1: Ball 2-1: Ball 3-1: Fly out, F9 (Flyball, 9D, EV 85.6 MPH)
|
Batting: RHB Ryan Bush
|
0-0: Called Strike 0-1: Ball 1-1: Ball 2-1: Foul Ball, location: 2F 2-2: SINGLE (Flyball, 56D, EV 85.0 MPH)
|
Pitching: RHP Troy Conners
|
|
Batting: RHB Josh Burns
|
0-0: Ball 1-0: Ball 2-0: Ball Balk! Ryan Bush to second 3-0: Called Strike 3-1: Called Strike 3-2: Fly out, F8 (Flyball, 8LM, EV 90.0 MPH)
|
Bottom of the 5th over - 1 run, 2 hits, 0 errors, 1 left on base; Los Angeles (NYP) 12 - Eugene 4 |
TOP OF THE 6TH |
Los Angeles (NYP) Dodgers batting - Pitching for Eugene Emeralds : RHP Masato Iwase
|
Batting: RHB Manny Mendoza
|
0-0: Called Strike 0-1: Foul Ball, location: 2F 0-2: Ball 1-2: Ground out U3 (Groundball, 3L, EV 100.0 MPH)
|
Batting: RHB Robby Cuellar
|
0-0: Called Strike 0-1: Ball 1-1: Fly out, F9 (Flyball, 9, EV 91.2 MPH)
|
Batting: LHB Fernão Manta
|
0-0: Ball 1-0: Foul Ball, location: 2F 1-1: Foul Ball, location: 2F 1-2: Ball 2-2: Foul Ball, location: 2F 2-2: SINGLE (Line Drive, 7S, EV 100.0 MPH)
|
Pitching: RHP Dustin Buckner
|
|
Batting: RHB Alex Mejia
|
0-0: Called Strike 0-1: Ball 1-1: Ball 2-1: Ball 3-1: Foul Ball, location: 2F 3-2: SINGLE (Line Drive, 4MD, EV 100.0 MPH) Fernão Manta to second Fernão Manta to third
|
Batting: RHB Juan Gallegos
|
0-0: Ball 1-0: Foul Ball, location: 2F 1-1: Fielders Choice at 2nd, 4-6 (Groundball, 4MD, EV 82.5 MPH)
|
Top of the 6th over - 0 runs, 2 hits, 0 errors, 2 left on base; Los Angeles (NYP) 12 - Eugene 4 |
BOTTOM OF THE 6TH |
Eugene Emeralds batting - Pitching for Los Angeles (NYP) Dodgers : RHP Troy Conners
|
Batting: LHB Hiroki Yamamoto
|
0-0: Foul Ball, location: 2F 0-1: Ball 1-1: Ground out 4-3 (Groundball, 4, EV 88.1 MPH)
|
Batting: RHB Alvaro Romero
|
0-0: Fly out, F9 (Flyball, 9, EV 83.8 MPH)
|
Batting: RHB Hugo Torrez
|
0-0: Called Strike 0-1: Ball 1-1: Ball 2-1: Foul Ball, location: 2F 2-2: Strikes out looking
|
Bottom of the 6th over - 0 runs, 0 hits, 0 errors, 0 left on base; Los Angeles (NYP) 12 - Eugene 4 |
TOP OF THE 7TH |
Los Angeles (NYP) Dodgers batting - Pitching for Eugene Emeralds : RHP Dustin Buckner
|
Batting: RHB Kekoa Kahele
|
0-0: Ball 1-0: Ground out 6-3 (Groundball, 6, EV 80.0 MPH)
|
Batting: RHB Theo Schepers
|
0-0: Ball 1-0: Ball 2-0: Called Strike 2-1: Fly out, F9 (Flyball, 89M, EV 88.1 MPH)
|
Batting: SHB Guy Jerome
|
0-0: Ball 1-0: Ball 2-0: Ground out U3 (Groundball, 3L, EV 83.8 MPH)
|
Top of the 7th over - 0 runs, 0 hits, 0 errors, 0 left on base; Los Angeles (NYP) 12 - Eugene 4 |
BOTTOM OF THE 7TH |
Eugene Emeralds batting - Pitching for Los Angeles (NYP) Dodgers : RHP Troy Conners
|
Batting: RHB Bill Holmes
|
0-0: Ball 1-0: Foul Ball, location: 2F 1-1: Ball 2-1: Foul Ball, location: 2F 2-2: Ball 3-2: SINGLE (Groundball, 6MD, EV 96.2 MPH)
|
Batting: RHB Roy Battist
|
0-0: Foul Ball, location: 2F 0-1: Ball 1-1: Swinging Strike 1-2: Ball 2-2: Strikes out swinging
|
Batting: RHB Taylor Garofalo
|
0-0: Called Strike 0-1: Foul Ball, location: 2F 0-2: Strikes out swinging
|
Batting: RHB Mike Larson
|
0-0: Called Strike 0-1: Ball Bill Holmes steals 2nd base (no throw) 1-1: Ball 2-1: SINGLE (Groundball, 6MD, EV 94.4 MPH) Bill Holmes to third Runner from 3rd tries for Home, SAFE, throw by CF to home
|
Batting: RHB Ryan Bush
|
0-0: Ground out 3-1 (Groundball, 34S, EV 91.9 MPH)
|
Bottom of the 7th over - 1 run, 2 hits, 0 errors, 1 left on base; Los Angeles (NYP) 12 - Eugene 5 |
TOP OF THE 8TH |
Los Angeles (NYP) Dodgers batting - Pitching for Eugene Emeralds : RHP Dustin Buckner
|
Batting: RHB Javier Solis
|
0-0: Reached on error, E6 (Groundball, 6, EV 85.0 MPH)
|
Batting: RHB Manny Mendoza
|
0-0: Ball 1-0: Ball 2-0: SINGLE (Groundball, 6MD, EV 108.1 MPH) Javier Solis to third
|
Batting: RHB Robby Cuellar
|
0-0: Ball 1-0: Called Strike 1-1: Grounds into double play, 6-4-3 (Groundball, 6, EV 96.2 MPH) Javier Solis scores
|
Batting: LHB Fernão Manta
|
0-0: SINGLE (Groundball, 6MD, EV 86.9 MPH) (infield hit)
|
Batting: RHB Alex Mejia
|
0-0: Called Strike 0-1: Ground out 4-3 (Groundball, 4, EV 88.1 MPH)
|
Top of the 8th over - 1 run, 2 hits, 1 error, 1 left on base; Los Angeles (NYP) 13 - Eugene 5 |
BOTTOM OF THE 8TH |
Eugene Emeralds batting - Pitching for Los Angeles (NYP) Dodgers : RHP Troy Conners
|
Batting: RHB Josh Burns
|
0-0: Foul Ball, location: 2F 0-1: Foul Ball, location: 2F 0-2: Ground out 5-3 (Groundball, 56, EV 80.0 MPH)
|
Batting: LHB Hiroki Yamamoto
|
0-0: Called Strike 0-1: Foul Ball, location: 2F 0-2: Ball 1-2: Ball 2-2: Strikes out swinging
|
Batting: RHB Alvaro Romero
|
0-0: Ball 1-0: Called Strike 1-1: Ball 2-1: Called Strike 2-2: Strikes out swinging
|
Bottom of the 8th over - 0 runs, 0 hits, 0 errors, 0 left on base; Los Angeles (NYP) 13 - Eugene 5 |
TOP OF THE 9TH |
Los Angeles (NYP) Dodgers batting - Pitching for Eugene Emeralds : RHP Dustin Buckner
|
Batting: RHB Juan Gallegos
|
0-0: Ball 1-0: Hit by Pitch
|
Batting: RHB Kekoa Kahele
|
0-0: Called Strike 0-1: Ball 1-1: DOUBLE (Line Drive, 89D, EV 112.5 MPH) Juan Gallegos to third Runner from 3rd tries for Home, SAFE, throw by CF to trailing runner, SAFE at third!
|
Batting: RHB Theo Schepers
|
0-0: Ball 1-0: Ball 2-0: Fly out, F9 (Flyball, 9S, EV 88.1 MPH)
|
Batting: SHB Guy Jerome
|
0-0: Ball 1-0: Called Strike 1-1: Ball 2-1: Ball 3-1: Ground out U3 (Groundball, 3L, EV 103.1 MPH)
|
Batting: RHB Javier Solis
|
0-0: Called Strike 0-1: Ball 1-1: 2-RUN HOME RUN (Flyball, 7D, EV 94.4 MPH), Distance : 349 ft
|
Batting: RHB Manny Mendoza
|
0-0: Foul Ball, location: 2F 0-1: Ball 1-1: Foul Ball, location: 2F 1-2: DOUBLE (Groundball, 5L, EV 103.1 MPH)
|
Batting: RHB Robby Cuellar
|
0-0: Ball 1-0: Ground out 6-3 (Groundball, 6, EV 103.8 MPH)
|
Top of the 9th over - 3 runs, 3 hits, 0 errors, 1 left on base; Los Angeles (NYP) 16 - Eugene 5 |
BOTTOM OF THE 9TH |
Eugene Emeralds batting - Pitching for Los Angeles (NYP) Dodgers : RHP Troy Conners
|
Batting: RHB Hugo Torrez
|
0-0: Ball 1-0: Called Strike 1-1: Ground out 3-1 (Groundball, 34, EV 88.1 MPH)
|
Batting: RHB Bill Holmes
|
0-0: Ball 1-0: Called Strike 1-1: Ground out 2-3 (Groundball, 13S, EV 63.1 MPH)
|
Batting: RHB Roy Battist
|
0-0: Ball 1-0: Called Strike 1-1: Foul Ball, location: 2F 1-2: Strikes out swinging
|
Bottom of the 9th over - 0 runs, 0 hits, 0 errors, 0 left on base; Los Angeles (NYP) 16 - Eugene 5 |
|